 Dungeon Crawl Stone Soup version 0.26-a0-639-g72c4674329 (webtiles) character file.

Game seed: 16703834276188283565

135 DogServant the Skirmisher (level 5, -9/42 HPs)
             Began as a Formicid Fighter on Sept 19, 2020.
             Killed by nerve-wracking pain
             ... invoked by Grinder
              (14 damage)
             ... on level 3 of the Dungeon.
             The game lasted 00:02:58 (2160 turns).

DogServant the Skirmisher (Formicid Fighter)        Turns: 2160, Time: 00:02:59

Health: -9/42      AC:  9    Str: 22    XL:     5   Next: 41%
Magic:  5/5        EV:  8    Int:  7    God:
Gold:   78         SH:  9    Dex: 10    Spells: 4/4 levels left

rFire    . . .     SeeInvis +   a - +0 war axe
rCold    . . .     Faith    .   c - +0 kite shield
rNeg     . . .     Spirit   .   b - +0 scale mail
rPois    .         Reflect  .   (helmet unavailable)
rElec    .         Harm     .   f - +0 cloak
rCorr    .         Rampage  .   n - +0 pair of gloves
MR       .....                  (no boots)
Stlth    ..........             m - amulet of magic regeneration
HPRegen  0.14/turn              i - ring of wizardry
MPRegen  0.34/turn              (no ring)

@: mighty
A: permanent stasis, dig shafts and tunnels, four strong arms, antennae 3
a: Dig, Shaft Self


You were on level 3 of the Dungeon.
You visited 1 branch of the dungeon, and saw 3 of its levels.

You collected 78 gold pieces.

Inventory:

Hand Weapons
 a - a +0 war axe (weapon)
Armour
 b - a +0 scale mail (worn)
 c - a +0 kite shield (worn)
 f - a +0 cloak (worn)
 n - a +0 pair of gloves (worn)
Jewellery
 i - a ring of wizardry (left hand)
 m - an amulet of magic regeneration (around neck)
Scrolls
 e - 4 scrolls of remove curse
 j - a scroll of fog
 k - a scroll of teleportation {unknown}
 l - 5 scrolls of identify {unknown}
Potions
 g - 2 potions of heal wounds {unknown}
 h - a potion of curing {unknown}


   Skills:
 + Level 4.2 Fighting
 * Level 3.8 Axes
 + Level 4.0 Armour
 - Level 4.0 Shields


You had 4 spell levels left.
You didn't know any spells.
Your spell library contained the following spells:

 Spells                   Type           Power        Failure   Level
 Beastly Appendage        Tmut           #.....       77%         1
 Wereblood                Tmut           #.......     87%         2
 Spider Form              Tmut/Pois      #.........   98%         3
 Ice Form                 Ice/Tmut       #.......     100%        4
 Blade Hands              Tmut           #.........   100%        5


Dungeon Overview and Level Annotations

Branches:
Dungeon (3/15)

Altars:
Ashenzari
Makhleb
Nemelex Xobeh
Yredelemnul
Zin

Annotations:
D:3 Grinder


Innate Abilities, Weirdness & Mutations

You cannot be hasted, slowed, berserked, paralysed or teleported.
You can dig through walls and to a lower floor.
Your four strong arms can wield two-handed weapons with a shield.
You have a pair of large antennae on your head. (SInv)


Message History

Drop what? 14/52 slots (_ for help) (? for menu, Esc to quit)
Okay, then.
Okay, then.
You feel very mighty all of a sudden. Grinder gestures at you.
You resist with significant effort.
You closely miss Grinder.
Grinder is lightly wounded.
Grinder hits you. Grinder hits you but does no damage.
You slash Grinder!
Grinder is moderately wounded.
Grinder hits you.
* * * LOW HITPOINT WARNING * * *
You writhe in agony.
* * * LOW HITPOINT WARNING * * *
You closely miss Grinder.
Grinder is moderately wounded.
Grinder gestures at you. Pain shoots through your body!
You die...

.#########............#
#.# .# #............#
#.#
##########(...........#
#.######
##.......'............#
#.......
..)......#............#
#.......
..<......#............#
#.......
.........#............#
#.......
.........#####.#...#+##
#....... ###.######
#.#@..# #....... {#'#
#.#.5.# #.#.###. #_#
#.#...# # #. .###.
#.###... ##.#.# #.
....... #.# .... ...#.#
#. ........ ..# #..##
#.<#.# #. ......#.. ..#
... ...#.# #.
.########. ^>.. #..#.#
#. #..#.# #.


You could see Grinder.

Vanquished Creatures
  3 adders (D:3)
  2 oozes
  A worm (D:2)
  A dart slug (D:2)
  4 leopard geckos
  4 orcs (D:3)
  4 giant cockroaches
  9 goblins
  9 hobgoblins
  9 jackals
  A quokka (D:3)
  2 ball pythons
  12 bats
  8 frilled lizards
  6 kobolds
  6 rats
81 creatures vanquished.

Notes
Turn   | Place    | Note
-------+----------+-------------------------------------------
     0 | D:1      | DogServant the Formicid Fighter began the quest for the
                  | Orb.
     0 | D:1      | Reached XP level 1. HP: 18/18 MP: 1/1
   121 | D:1      | Reached XP level 2. HP: 24/24 MP: 2/2
   539 | D:1      | Reached XP level 3. HP: 29/29 MP: 3/3
   992 | D:2      | Found a glowing silver altar of Zin.
  1183 | D:2      | Reached XP level 4. HP: 37/37 MP: 4/4
  1393 | D:2      | Found a burning altar of Makhleb.
  1396 | D:2      | Found a basalt altar of Yredelemnul.
  1399 | D:2      | Found a sparkling altar of Nemelex Xobeh.
  1804 | D:3      | Reached XP level 5. HP: 40/42 MP: 5/5
  2139 | D:3      | Found a shattered altar of Ashenzari.
  2151 | D:3      | Noticed Grinder
  2160 | D:3      | Killed from afar by Grinder

Illustrated notes

Levels and vault maps discovered:
D:1:      dpeg_arrival_pond, layout_basic
D:2:      layout_basic, zin_scriptorium, grunt_temple_overflow_diamond
D:3:      layout_basic, ashenzari_conservatory_becter, uniq_robin, uniq_grinder

Skill      XL: |  1  2  3  4  5 |
---------------+----------------+-----
Shields        | 4 |  4.0
Axes           | 3 |  3.8
Fighting       | 4 |  4.2
Armour         | 4 |  4.0

Action                   |  1- 3 |  4- 6 || total
-------------------------+-------+-------++-------
Melee: War axe           |   100 |   132 ||   232
  Use: Scroll            |     5 |       ||     5
       Potion            |       |     1 ||     1
Armor: Scale mail        |    42 |    77 ||   119
Dodge: Dodged            |    37 |    56 ||    93
Block: Kite shield       |    55 |    95 ||   150

Table legend: (Time is in decaauts)
 A = Elapsed time spent in this place.
 B = Non-inter-level travel time spent in this place.
 C = Inter-level travel time spent in this place.
 D = Time resting spent in this place.
 E = Time spent auto-exploring this place.
 F = Levels seen in this place.
 G = Mean time per level.
                   A        B        C        D        E       F      G
               +--------+--------+--------+--------+--------+-----+--------+
         Total |   2253 |   2226 |     27 |      0 |   1649 |   3 |  751.0 |
       Dungeon |   2253 |   2226 |     27 |      0 |   1649 |   3 |  751.0 |
               +--------+--------+--------+--------+--------+-----+--------+

Top non-repeatable levels by time:
     D:1: 816 daAuts
     D:2: 768 daAuts
     D:3: 669 daAuts
